 Dungeon Crawl Stone Soup version 0.31-a0-1529-g7bd419a0e5 (webtiles) character file.

Game seed: 18375796560697004827

504 graki42 the Conjurer (level 7, -8/51 HPs)
             Began as a Gnoll Conjurer on Dec 31, 2023.
             Mangled by Duvessa
             ... wielding a +0 short sword
              (11 damage)
             ... on level 5 of the Dungeon.
             The game lasted 00:13:15 (4326 turns).

graki42 the Conjurer (Gnoll Conjurer)               Turns: 4326, Time: 00:13:16

Health: -8/51      AC:  5    Str:  8    XL:     7   Next: 17%
Magic:  0/15       EV: 12    Int: 18    God:
Gold:   297        SH:  0    Dex: 10    Spells: 14/17 levels left

rFire   + .          .
                       - Unarmed
rCold   . . .        (no shield)
rNeg    . . .        t - +1 leather armour {rF+}
rPois   +            l - +0 helmet
rElec   .            (no cloak)
rCorr   .            (no gloves)
SInv    .            (no boots)
Will    .....        (no amulet)
Stlth   ++           c - ring of poison resistance
HPRegen 0.28/turn    (no ring)
MPRegen 0.14/turn

%: no passive effects
@: no status effects
A: fangs 1, strong nose, distributed training
a: no special abilities


You were on level 5 of the Dungeon.
You visited 1 branch of the dungeon, and saw 5 of its levels.

You collected 297 gold pieces.

Inventory:

Armour
 a - a +0 robe
 k - an orb of light
 l - a +0 helmet (worn)
 t - a +1 leather armour of fire resistance (worn)
Magical Staves
 v - a staff of air
Jewellery
 c - a ring of poison resistance (left hand)
Wands
 p - a wand of light (7)
 s - a wand of roots (7)
Scrolls
 d - a scroll of amnesia {unknown}
 e - 3 scrolls of identify {unknown}
 h - 2 scrolls of silence {unknown}
 j - 3 scrolls of poison {unknown}
 m - 2 scrolls of teleportation {unknown}
 n - 2 scrolls of noise {unknown}
 q - a scroll of fear {unknown}
 r - a scroll of revelation {unknown}
 u - a scroll of butterflies {unknown}
 w - a scroll of blinking {unknown}
 x - a scroll of vulnerability {unknown}
 y - a scroll of immolation {unknown}
Potions
 b - a potion of magic
 f - 2 potions of ambrosia {unknown}
 g - a potion of haste {unknown}
 i - 3 potions of curing {unknown}
 o - a potion of enlightenment {unknown}
 z - a potion of lignification {unknown}
 A - a potion of attraction {unknown}
 B - a potion of degeneration {unknown}


   Skills:
 + Level 2.4 Fighting
 + Level 2.4 Short Blades
 + Level 2.4 Long Blades
 + Level 2.4 Axes
 + Level 2.4 Maces & Flails
 + Level 2.4 Polearms
 + Level 2.4 Staves
 + Level 2.4 Ranged Weapons
 + Level 2.4 Throwing
 + Level 2.4 Armour
 + Level 5.2 Dodging
 + Level 4.8 Stealth
 + Level 2.4 Shields
 + Level 2.4 Unarmed Combat
 + Level 5.6 Spellcasting
 + Level 7.4 Conjurations
 + Level 2.0 Hexes
 + Level 2.0 Summonings
 + Level 2.0 Necromancy
 + Level 2.0 Translocations
 + Level 2.0 Fire Magic
 + Level 2.0 Ice Magic
 + Level 2.0 Air Magic
 + Level 2.0 Earth Magic
 + Level 2.0 Alchemy
 + Level 2.6 Invocations
 + Level 2.4 Evocations
 + Level 2.2 Shapeshifting


You had 14 spell levels left.
You knew the following spells:

 Your Spells              Type           Power      Damage    Failure   Level
a - Magic Dart            Conj           100%       1d8       1%          1
b - Searing Ray           Conj           62%        2d6       1%          2

Your spell library contained the following spells:

 Spells                   Type           Power      Damage    Failure   Level
 Call Canine Familiar     Summ           12%        N/A       24%         3
 Sigil of Binding         Hex            12%        N/A       24%         3
 Volatile Blastmotes      Fire/Tloc      24%        2d12      24%         3
 Fulminant Prism          Conj/Alch      10%        3d8       26%         4
 Iskenderun's Mystic Bla  Conj/Tloc      21%        2d6       26%         4
 Dimensional Bullseye     Hex/Tloc       6%         N/A       61%         4


Dungeon Overview and Level Annotations

Branches:
Dungeon (5/15)
 Temple: D:4-7

Altars:
Kikubaaqudgha
Nemelex Xobeh
Qazlal
Uskayaw
Yredelemnul

Shops:
D:4 [

Annotations:
D:4 1 runed translucent door
D:5 Duvessa


Innate Abilities, Weirdness & Mutations

You have very sharp teeth.
Your uncanny sense of smell can sniff out nearby items.
Your experience applies equally to all skills.


Message History

Duvessa closely misses you. Duvessa hits you with a +0 short sword!
The searing ray hits Duvessa but does no damage.
Duvessa is heavily wounded.
Duvessa hits you with a +0 short sword.
The searing ray hits Duvessa.
Duvessa is heavily wounded.
Duvessa hits you with a +0 short sword! Duvessa completely misses you.
The searing ray hits Duvessa.
Duvessa is heavily wounded.
You finish channelling your searing ray.
Duvessa barely misses you.
Casting: Searing Ray (safe; 1% risk of failure)
Confirm with . or Enter, or press ? or * to list all spells.
Aiming: Searing Ray (safe; 1% risk of failure)
Press: ? - help, Shift-Dir - straight line, f/p - Duvessa
Aim: Duvessa, wielding a +0 short sword and wearing a +2 leather armour of cold resistance (heavily wounded, berserk, 82% to hit)
The searing ray hits Duvessa but does no damage.
Duvessa is heavily wounded. (Press . to maintain the ray.) Duvessa hits you with a +0 short sword! x2
The searing ray hits Duvessa.
Duvessa is severely wounded.
Duvessa barely misses you.
The searing ray misses Duvessa.
Duvessa hits you with a +0 short sword.
* * * LOW HITPOINT WARNING * * *
Duvessa misses you.
The searing ray hits Duvessa!
Duvessa is severely wounded.
You finish channelling your searing ray.
Duvessa hits you with a +0 short sword!
* * * LOW HITPOINT WARNING * * *
Casting: Searing Ray (safe; 1% risk of failure)
Confirm with . or Enter, or press ? or * to list all spells.
Aiming: Magic Dart (safe; 1% risk of failure)
Press: ? - help, Shift-Dir - straight line, f/p - Duvessa
Aim: Duvessa, wielding a +0 short sword and wearing a +2 leather armour of cold resistance (severely wounded, berserk, 100% to hit)
The magic dart hits Duvessa.
Duvessa is almost dead.
Duvessa barely misses you. Duvessa hits you with a +0 short sword!
You die...

###..........#
#<.†.........#
#..#..........#
....#######.#####
...### ##.# ..#
#..# ∆ . #.## #.#
#@# #e.......
#).#..... ....
.<.. ..#.# ###
...... #####.# .#


You could see Duvessa (berserk).

Vanquished Creatures
  A sky beast (D:3)
  A phantom (D:4)
  A scorpion (D:4)
  Dowan (D:5)
  A hound (D:5)
  Ijyb (D:3)
  An iguana (D:5)
  Terence (D:3)
  4 adders
  2 dart slugs (D:1)
  A ribbon worm (D:3)
  7 orcs
  6 endoplasms
  5 giant cockroaches
  9 goblins
  11 hobgoblins
  2 jackals
  5 kobolds
  A quokka (D:3)
  7 ball pythons
  7 bats
  11 frilled lizards
  A kobold zombie (D:4)
  4 rats
91 creatures vanquished.

Notes
Turn   | Place    | Note
-------+----------+-------------------------------------------
     0 | D:1      | graki42 the Gnoll Conjurer began the quest for the Orb.
     0 | D:1      | Reached XP level 1. HP: 13/13 MP: 6/6
    84 | D:1      | Reached XP level 2. HP: 9/20 MP: 1/7
   136 | D:1      | Learned a level 2 spell: Searing Ray
   463 | D:1      | Reached skill level 5 in Spellcasting
   463 | D:1      | Reached XP level 3. HP: 25/25 MP: 3/9
   952 | D:1      | Reached skill level 1 in Invocations
  1066 | D:1      | Found a faded altar of an unknown god.
  1195 | D:2      | Reached skill level 1 in Fighting
  1195 | D:2      | Reached skill level 1 in Short Blades
  1195 | D:2      | Reached skill level 1 in Long Blades
  1195 | D:2      | Reached skill level 1 in Axes
  1195 | D:2      | Reached skill level 1 in Maces & Flails
  1195 | D:2      | Reached skill level 1 in Polearms
  1195 | D:2      | Reached skill level 1 in Staves
  1195 | D:2      | Reached skill level 1 in Ranged Weapons
  1195 | D:2      | Reached skill level 1 in Throwing
  1195 | D:2      | Reached skill level 1 in Armour
  1195 | D:2      | Reached skill level 1 in Shields
  1195 | D:2      | Reached skill level 1 in Unarmed Combat
  1195 | D:2      | Reached skill level 1 in Evocations
  1437 | D:2      | Reached skill level 1 in Shapeshifting
  1437 | D:2      | Reached XP level 4. HP: 32/32 MP: 8/11
  1810 | D:2      | Reached skill level 1 in Hexes
  1810 | D:2      | Reached skill level 1 in Summonings
  1810 | D:2      | Reached skill level 1 in Necromancy
  1810 | D:2      | Reached skill level 1 in Translocations
  1810 | D:2      | Reached skill level 1 in Fire Magic
  1810 | D:2      | Reached skill level 1 in Ice Magic
  1810 | D:2      | Reached skill level 1 in Air Magic
  1810 | D:2      | Reached skill level 1 in Earth Magic
  1810 | D:2      | Reached skill level 1 in Alchemy
  2510 | D:3      | Noticed Terence
  2516 | D:3      | Killed Terence
  2517 | D:3      | Reached XP level 5. HP: 14/37 MP: 3/12
  2795 | D:3      | Noticed Ijyb
  2802 | D:3      | Killed Ijyb
  2883 | D:3      | Found an ancient bone altar of Kikubaaqudgha.
  2938 | D:3      | Found a stormy altar of Qazlal.
  2938 | D:3      | Noticed a sky beast
  3067 | D:3      | Killed a sky beast
  3068 | D:3      | Reached XP level 6. HP: 44/44 MP: 9/14
  3281 | D:3      | Found a hide-covered altar of Uskayaw.
  3393 | D:4      | Found a sparkling altar of Nemelex Xobeh.
  3471 | D:4      | Reached skill level 5 in Dodging
  3578 | D:4      | Found Uhaeson's Armour Shop.
  3767 | D:4      | Found a runed translucent door.
  3767 | D:4      | Noticed a human
  3773 | D:4      | Found a basalt altar of Yredelemnul.
  4219 | D:5      | Entered Level 5 of the Dungeon
  4236 | D:5      | Reached XP level 7. HP: 35/51 MP: 7/15
  4310 | D:5      | Noticed Dowan
  4311 | D:5      | Noticed Duvessa
  4317 | D:5      | Killed Dowan
  4325 | D:5      | HP: 2/51 [Duvessa/+0 short sword (10)]
  4326 | D:5      | Mangled by Duvessa

Illustrated notes

Levels and vault maps discovered:
D:1:      lightli_iron_boxes, layout_loops_ring,
          shapermc_ecumenical_altar_mp_ritualfount
D:2:      layout_basic, kennysheep_decorative_pillar, minmay_lizard_pond
D:3:      layout_basic, nicolae_uskayaw_suspiria,
          nicolae_qazlal_beasts_of_the_sky, lemuel_tele_altar, uniq_ijyb,
          uniq_terence
D:4:      layout_cave_pools, nemelex_spade_bored_becter, dk_yredelemnul_ordeal,
          serial_shops, nicolae_square_shop, amethyst_killhole
D:5:      layout_rooms, uniq_duvessa

Skill      XL: |  1  2  3  4  5  6  7 |
---------------+----------------------+-----
Spellcasting   | 5 |  5.6
Invocations    | 1 2 |  2.6
Fighting       | 1 2 |  2.4
Short Blades   | 1 2 |  2.4
Long Blades    | 1 2 |  2.4
Axes           | 1 2 |  2.4
Maces & Flails | 1 2 |  2.4
Polearms       | 1 2 |  2.4
Staves         | 1 2 |  2.4
Ranged Weapons | 1 2 |  2.4
Throwing       | 1 2 |  2.4
Armour         | 1 2 |  2.4
Shields        | 1 2 |  2.4
Unarmed Combat | 1 2 |  2.4
Evocations     | 1 2 |  2.4
Shapeshifting  | 1 2 |  2.2
Hexes          | 1 2 |  2.0
Summonings     | 1 2 |  2.0
Necromancy     | 1 2 |  2.0
Translocations | 1 2 |  2.0
Fire Magic     | 1 2 |  2.0
Ice Magic      | 1 2 |  2.0
Air Magic      | 1 2 |  2.0
Earth Magic    | 1 2 |  2.0
Alchemy        | 1 2 |  2.0
Dodging        | 5 |  5.2
Stealth        | |  4.8
Conjurations   | |  7.4

Action                     |  1- 3 |  4- 6 |  7- 9 || total
---------------------------+-------+-------+-------++-------
  Melee: Unarmed           |    11 |     2 |       ||    13
         Bite              |     4 |       |       ||     4
   Cast: Magic Dart        |    76 |    82 |     2 ||   160
         Searing Ray       |       |    19 |     3 ||    22
 Armour: Robe              |    11 |     3 |       ||    14
         Leather armour    |       |    28 |     8 ||    36
  Dodge: Dodged            |    19 |    24 |     8 ||    51

Table legend: (Time is in decaauts)
 A = Elapsed time spent in this place.
 B = Non-inter-level travel time spent in this place.
 C = Inter-level travel time spent in this place.
 D = Time resting spent in this place.
 E = Time spent auto-exploring this place.
 F = Levels seen in this place.
 G = Mean time per level.
                   A        B        C        D        E       F      G
               +--------+--------+--------+--------+--------+-----+--------+
         Total |   4326 |   4202 |    124 |    207 |   3419 |   5 |  865.2 |
       Dungeon |   4326 |   4202 |    124 |    207 |   3419 |   5 |  865.2 |
               +--------+--------+--------+--------+--------+-----+--------+

Top non-repeatable levels by time:
     D:3: 1274 daAuts
     D:1: 1204 daAuts
     D:4: 909 daAuts
     D:2: 830 daAuts
     D:5: 106 daAuts
